 Dungeon Crawl Stone Soup version 0.29.1-debian-1-gc3f1650bb9 (webtiles) character file.

Game seed: 4182042657665744246

8 ytrimaz the Chopper (level 2, 23/23 HPs)
             Began as a Demonspawn Gladiator on Sept 12, 2022.
             Quit the game on level 1 of the Dungeon.
             The game lasted 00:00:16 (423 turns).

ytrimaz the Chopper (Demonspawn Gladiator)           Turns: 423, Time: 00:00:17

Health: 23/23      AC:  4    Str: 14    XL:     2   Next: 0%
Magic:  2/2        EV: 12    Int:  9    God:
Gold:   18         SH:  0    Dex: 14    Spells: 1/1 levels left

rFire   . . .      SeeInvis .   a - +0 war axe
rCold   . . .      Faith    .   (no shield)
rNeg    . . .      Spirit   .   b - +0 leather armour
rPois   .          Reflect  .   c - +0 helmet
rElec   .          Harm     .   (no cloak)
rCorr   .          Rampage  .   (no gloves)
Will    .....                   (no boots)
Stlth   +.........              (no amulet)
HPRegen 0.07/turn               (no ring)
MPRegen 0.08/turn               (no ring)

@: no status effects
A: demonic touch 1
a: no special abilities


You were on level 1 of the Dungeon.
You visited 1 branch of the dungeon, and saw 1 of its levels.

You collected 18 gold pieces.


Innate Abilities, Weirdness & Mutations

Your touch may inflict minor irresistible damage on your foes.


   Skills:
 * Level 2.5 Fighting
 + Level 2.9 Axes
 - Level 1.7 Throwing
 - Level 2.6 Dodging


You had one spell level left.
You didn't know any spells.
Your spell library contained the following spells:

 Spells                   Type           Power      Damage    Failure   Level
 Ensorcelled Hibernation  Hex/Ice        0%         N/A       61%         2
 Passwall                 Tmut/Erth      0%         N/A       61%         2
 Swiftness                Air            0%         N/A       83%         3

Inventory:

Hand Weapons
 a - a +0 war axe (weapon)
Missiles
 d - 3 throwing nets (quivered)
 e - a javelin
Armour
 b - a +0 leather armour (worn)
 c - a +0 helmet (worn)
Scrolls
 f - a scroll of noise {unknown}
Potions
 g - a potion of lignification {unknown}
 h - 2 potions of curing {unknown}
 i - a potion of brilliance {unknown}

Dungeon Overview and Level Annotations

Branches:
Dungeon (1/15) Zot: 5571

Altars:

..##.....#.. ...
.........#.###.##
#.##............# #
#.##......#.....#.#
#.#...###..#....#...
#.#.................
#.#.....†.##.##.##.#
#.........##.##.##.#...
#.######.......@......g
#.#### #..##....##$....
##....# #..#.....# ...
##.###.....#....... .
..## .....#..##.##..
..# ...#.....#.# # ..#
.....#.#.... ..#
...##.. ##### ..## ...#


You could see a hobgoblin (asleep).


Message History

Unknown command.
You slash the hobgoblin!
You kill the hobgoblin!
Unknown command.
Unknown command.
No target in view!
Key pressed, stopping explore.
A ball python comes into view. 😎 HP[+2]
Your hp is fully restored (16).
The ball python hisses angrily.
The ball python misses you. The ball python grabs you.
The ball python constricts you. The ball python misses you.
The ball python constricts you.
You hit the ball python but do no damage.
The ball python bites you but does no damage.
The ball python constricts you.
You closely miss the ball python. The ball python bites you.
The ball python constricts you.
The ball python bites you but does no damage.
The ball python constricts you. 😕 HP[-2]
You take 2 damage, and now have 14/16 hp.
Unknown command.
You hit the ball python. The ball python closely misses you.
The ball python constricts you.
You slash the ball python!
You kill the ball python!
You see here a ball python corpse.
Unknown command.
No target in view!
Unknown command.
No target in view!
Key pressed, stopping explore.
Key pressed, stopping explore.
Key pressed, stopping explore.
No target in view! 😎 HP[+2]
Your hp is fully restored (16).
An endoplasm comes into view.
An endoplasm is nearby!
You see here 2 purple potions.
An endoplasm is nearby!
An endoplasm is nearby!
A hobgoblin comes into view.
The hobgoblin shouts!
The endoplasm quivers.
A quokka comes into view.
There are monsters nearby!
The endoplasm barely misses you.
An endoplasm comes into view.
You hit the endoplasm but do no damage. The endoplasm freezes you.
You are frozen.
The endoplasm hits you but does no damage.
There are monsters nearby! 😕 HP[-1]
You take 1 damage, and now have 15/16 hp.
You hit the hobgoblin. You hit the endoplasm. The endoplasm hits you.
The hobgoblin hits you. 😕 HP[-2]
You take 2 damage, and now have 13/16 hp.
Unknown command.
You slash the endoplasm!
You kill the endoplasm!
You closely miss the quokka. You hit the hobgoblin.
The hobgoblin hits you but does no damage.
The quokka bites you but does no damage.
You hit the hobgoblin.
You kill the hobgoblin!
You hit the quokka but do no damage. You hit the endoplasm.
The quokka bites you. The endoplasm misses you. The quokka misses you.
The endoplasm hits you.
* * * LOW HITPOINT WARNING * * *
😨 HP[-6]
You now have 17 max hp (+1).
You take 6 damage, and now have 7/17 hp.
MASSIVE DAMAGE!! (PAUSE)
You slash the endoplasm!
You kill the endoplasm!
You slash the quokka!
You kill the quokka!
You have reached level 2!
You feel monstrous as your demonic heritage exerts itself.
Your demonic ancestry asserts itself...
Your hands begin to faintly glow with unholy energy. 😨 HP[+3] MP[+1]
You now have 23 max hp (+6).
You regained 3 hp, and now have 10/23 hp.
Your mp is fully restored (2).
Key pressed, stopping explore.
h - 2 purple potions 😎 HP[+13]
Your hp is fully restored (23).
Found a stone staircase leading down.
You now have 18 gold pieces (gained 7).
i - a viscous clear potion A hobgoblin comes into view.
Are you sure you want to abandon this character and quit the game? (Confirm with "yes".)

Action                   || total
-------------------------++-------
Melee: War axe           ||    16
Armor: Leather armour    ||     7
Dodge: Dodged            ||    12

Levels and vault maps discovered:
D:1:      lemuel_arrival_rhombus, layout_loops_ring,
          dreamdust_ecumenical_altar_hidden_monk_grotto,
          hangedman_abyss_or_decor_lesser_grid

Notes
Turn   | Place    | Note
-------+----------+-------------------------------------------
     0 | D:1      | ytrimaz the Demonspawn Gladiator began the quest for the
                  | Orb.
     0 | D:1      | Reached XP level 1. HP: 16/16 MP: 1/1
     0 | D:1      | magus.rc [v1.9.6]
     9 | D:1      | You pick up a book of Burglary and begin reading...
     9 | D:1      | You add the spells Passwall, Ensorcelled Hibernation and
                  | Swiftness to your library.
   222 | D:1      | You feel monstrous as your demonic heritage exerts itself.
   222 | D:1      | Discovered your monstrous ancestry.
   222 | D:1      | Gained mutation: Your touch may inflict minor irresistible
                  | damage on your foes. [demonic ancestry]
   222 | D:1      | Reached XP level 2. HP: 10/23 MP: 2/2
   423 | D:1      | Quit the game

Vanquished Creatures
  A ball python (D:1)
  2 endoplasms (D:1)
  2 hobgoblins (D:1)
  A quokka (D:1)
6 creatures vanquished.

Table legend:
 A = Non-vault XP
 B = Vault XP
 C = Vault XP percentage of total XP
 D = Non-vault monster count
 E = Vault monster count
 F = Vault count percentage of total count
                 A         B        C        D         E       F
            +---------+---------+-------+---------+---------+-------
      Total |      12 |       0 |   0.0 |       6 |       0 |   0.0
            +---------+---------+-------+---------+---------+-------
        D:1 |      12 |       0 |   0.0 |       6 |       0 |   0.0
            +---------+---------+-------+---------+---------+-------

Illustrated notes

Table legend:
 A = Kills in this place as a percentage of kills in entire the game.
 B = Kills by you in this place as a percentage of kills by you in the entire game.
 C = Kills by friends in this place as a percentage of kills by friends in the entire game.
 D = Other kills in this place as a percentage of other kills in the entire game.
 E = Experience gained in this place as a percentage of experience gained in the entire game.
 F = Experience gained in this place divided by the number of levels of this place that you have seen.
                   A       B       C       D       E      F
               +-------+-------+-------+-------+-------+----------------------
         Total | 100.0 | 100.0 |   N/A |   N/A | 100.0 |  12.0
       Dungeon | 100.0 | 100.0 |   N/A |   N/A | 100.0 |  12.0
               +-------+-------+-------+-------+-------+----------------------

Table legend: (Time is in decaauts)
 A = Elapsed time spent in this place.
 B = Non-inter-level travel time spent in this place.
 C = Inter-level travel time spent in this place.
 D = Time resting spent in this place.
 E = Time spent auto-exploring this place.
 F = Levels seen in this place.
 G = Mean time per level.
                   A        B        C        D        E       F      G
               +--------+--------+--------+--------+--------+-----+--------+
         Total |    428 |    428 |      0 |      0 |    380 |   1 |  428.0 |
       Dungeon |    428 |    428 |      0 |      0 |    380 |   1 |  428.0 |
               +--------+--------+--------+--------+--------+-----+--------+

Top non-repeatable levels by time:
     D:1: 428 daAuts
